 Dungeon Crawl Stone Soup version 0.29-a0-1009-g60c99734e7 (webtiles) character file.

Game seed: 351491073722699224

17969 drugrobin the Fighter (level 11, 0/102 HPs)
             Began as a Demigod Fighter on Aug 8, 2022.
             Slain by a wolf spider simulacrum (15 damage)
             ... in a Gauntlet.
             The game lasted 00:36:44 (11876 turns).

drugrobin the Fighter (Demigod Fighter)            Turns: 11876, Time: 00:36:45

Health: 0/102      AC: 16    Str: 31    XL:     11   Next: 97%
Magic:  14/14      EV: 12    Int: 16    God:
Gold:   272        SH: 10    Dex: 16    Spells: 10/10 levels left

rFire   + . .      SeeInvis .   a - +5 broad axe (elec)
rCold   + . .      Faith    .   R - +0 buckler
rNeg    . . .      Spirit   .   L - +6 scale mail "Ranunami" {rF- Regen+ Int+2 Stlth+}
rPois   .          Reflect  +   p - +0 helmet
rElec   .          Harm     .   s - scarf {repulsion}
rCorr   .          Rampage  .   (no gloves)
Will    ++...      NoTele   +   m - +2 pair of boots of Winter {rF+ Slay+2}
Stlth   +.........              F - amulet of reflection
HPRegen 1.07/turn               v - ring of protection from cold
MPRegen 0.14/turn               M - ring of the Duchess {rF+ Will+ Str+2 Int+4 Dex+3}

@: repel missiles
A: high MP 1, forlorn, divine attributes
a: no special abilities


You were in a Gauntlet.
You visited 1 branch of the dungeon, and saw 12 of its levels.
You also visited: Gauntlet.

You collected 890 gold pieces.
You spent 618 gold pieces at shops.

Inventory:

Hand Weapons
 a - a +5 broad axe of electrocution (weapon)
 b - a +0 dagger of venom
 c - the +1 broad axe "Kiudghic" {vorpal, SInv}
   (You acquired it on level 8 of the Dungeon)

   It inflicts extra damage upon your enemies.
   SInv:      It lets you see invisible.
Missiles
 K - 27 poisoned darts (quivered)
Armour
 m - the +2 pair of boots of Winter (worn) {rF+ Slay+2}
   (You found it on level 2 of the Dungeon)

   Slay:      It affects your accuracy & damage with ranged weapons and melee
   (+2).
   rF:        It protects you from fire.
 p - a +0 helmet (worn)
 s - a scarf of repulsion (worn)
 A - a +3 leather armour
 L - the +6 scale mail "Ranunami" (worn) {rF- Regen+ Int+2 Stlth+}
   (You bought it in a shop on level 7 of the Dungeon)

   Int:       It affects your intelligence (+2).
   rF:        It makes you vulnerable to fire.
   Regen:     It increases your rate of health regeneration.
   Stlth:     It makes you more stealthy.
 N - +0 swamp dragon scales
 O - a +1 leather armour of fire resistance
 R - a +0 buckler (worn)
Jewellery
 g - a +4 ring of protection
 v - a ring of protection from cold (left hand)
 F - an amulet of reflection (around neck)
 I - a ring of ice
 M - the ring of the Duchess (right hand) {rF+ Will+ Str+2 Int+4 Dex+3}
   (You took it off an orc on level 8 of the Dungeon)

   [ring of willpower]

   Str:       It affects your strength (+2).
   Int:       It affects your intelligence (+4).
   Dex:       It affects your dexterity (+3).
   rF:        It protects you from fire.
   Will:      It increases your willpower.
 Q - a +6 ring of strength
Wands
 y - a wand of flame (19)
 B - a wand of charming (4)
 C - a wand of roots (9)
 G - a wand of light (2)
 J - a wand of digging (4)
Scrolls
 l - a scroll of brand weapon
 r - 7 scrolls of fear
 u - 2 scrolls of poison
 x - 2 scrolls of blinking
 z - 4 scrolls of enchant armour
 D - a scroll of immolation
 E - 4 scrolls of amnesia
 H - 4 scrolls of fog
Potions
 d - 3 potions of might
 e - 6 potions of cancellation
 f - 2 potions of invisibility
 h - 2 potions of flight
 i - 6 potions of attraction
 j - 6 potions of heal wounds
 k - 7 potions of curing
 n - a potion of magic {unknown}
 o - a potion of berserk rage {unknown}
 q - a potion of lignification {unknown}
 t - 3 potions of brilliance {unknown}
 w - 2 potions of haste


   Skills:
 + Level 11.4 Fighting
 + Level 11.4 Axes
 - Level 2.6 Armour
 - Level 3.9 Dodging
 - Level 2.6 Shields
 + Level 9.2 Evocations


You had 10 spell levels left.
You didn't know any spells.
Your spell library contained the following spells:

 Spells                   Type           Power      Damage    Failure   Level
 Apportation              Tloc           0%         N/A       56%         1
 Scorch                   Fire           0%         2d5       71%         2
 Dazzling Flash           Conj/Hex       0%         N/A       90%         3
 Ignite Poison            Fire/Tmut/Pois 0%         N/A       90%         3
 Mephitic Cloud           Conj/Pois/Air  0%         N/A       90%         3
 Flame Wave               Conj/Fire      0%         2d4       100%        4
 Agony                    Necr           0%         N/A       100%        5
 Freezing Cloud           Conj/Ice/Air   0%         6-21      100%        5
 Silence                  Hex/Air        0%         N/A       100%        5
 Summon Cactus Giant      Summ           0%         N/A       100%        6


Dungeon Overview and Level Annotations

Branches:
Dungeon (12/15)            Temple (0/1) D:5            Lair (0/5) D:8
    Orc (0/2) D:12        Gauntlet (1/1)

Shops:
D:7 [*(*(

Annotations:
D:12 Rupert Gauntlet 9 transporters


Innate Abilities, Weirdness & Mutations

You have an increased reservoir of magic. (+10% MP)
You shall have no god before yourself.
Your divine heritage dramatically boosts your attributes as you level up.


Message History

You slash the wolf spider simulacrum!
Lightning courses through the wolf spider simulacrum!!
The wolf spider simulacrum is almost destroyed.
You hit the wolf spider simulacrum. x2
The wolf spider simulacrum hits you but does no damage.
The wolf spider simulacrum closely misses you.
You block the wolf spider simulacrum's attack.
The wolf spider simulacrum bites you but does no damage.
The wolf spider simulacrum closely misses you. x2
Unknown command.
Unknown command.
Unknown command.
You slash the wolf spider simulacrum!
Lightning courses through the wolf spider simulacrum!
The wolf spider simulacrum vaporises!
You completely miss the wolf spider simulacrum.
You slash the wolf spider simulacrum! The wolf spider simulacrum hits you!
The wolf spider simulacrum freezes you. You resist.
The wolf spider simulacrum closely misses you.
The wolf spider simulacrum hits you but does no damage.
The wolf spider simulacrum bites you but does no damage.
The wolf spider simulacrum hits you! The wolf spider simulacrum freezes you!
You resist.
The wolf spider simulacrum barely misses you.
Unknown command.
You barely miss the wolf spider simulacrum.
The wolf spider simulacrum is heavily damaged.
You barely miss the wolf spider simulacrum.
You block the wolf spider simulacrum's attack.
The wolf spider simulacrum bites you but does no damage.
The wolf spider simulacrum hits you. The wolf spider simulacrum freezes you!
You resist.
You block the wolf spider simulacrum's attack.
The wolf spider simulacrum hits you. The wolf spider simulacrum freezes you!
You resist.
* * * LOW HITPOINT WARNING * * *
The wolf spider simulacrum bites you.
* * * LOW HITPOINT WARNING * * *
The wolf spider simulacrum freezes you! You resist.
You die...

#≈#≈#≈#≈#...............##
...............8.§....8.≈#
..8.....8...............##
..........###########...≈#
#######...#.........#...##
......#...#.........#...≈#
.####.#####........!#...##
#†....#.."#....Z....#...§#
#.©####©8©#....°@..©#.8.##
#.#...#...#....Z...?#...≈#
#.#..######........"#..§##
..#.#©#...#.........#..§≈#
#######...#.........#...##
..........###########...≈#
..8.....8...............##
...............8.....8.## #.
########...............≈##..#


You could see 2 wolf spider simulacra.

Vanquished Creatures
  Erolcha (D:11)
  A two-headed ogre (D:10)
  A tengu warrior (D:10)
  A hell hog (Gauntlet)
  A fire crab (shapeshifter) (D:12)
  Pikel (D:5)
  2 ugly things
  A cyclops (D:12)
  A gargoyle (D:10)
  Maggie (D:9)
  A komodo dragon (D:9)
  2 unseen horrors
  A freezing wraith (D:10)
  A hellwing (D:12)
  2 trolls
  A wolf spider simulacrum (Gauntlet)
  3 hornets
  A shadow (D:11)
  2 wyverns
  3 fire bats (Gauntlet)
  4 wraiths
  31 yaks
  A vampire (D:11)
  A steam dragon (D:8)
  A harpy simulacrum (Gauntlet)
  2 acid dragons (D:11)
  A water moccasin (D:9)
  2 hell hounds (Gauntlet)
  An ice beast (D:6)
  4 orc warriors
  2 sky beasts
  An ogre (D:5)
  A centaur (D:6)
  3 bullfrogs
  A kobold brigand (D:8)
  3 necrophages
  A gnoll sergeant (D:6)
  3 scorpions
  8 wights (D:9)
  11 killer bees
  6 howler monkeys
  5 electric eels
  2 gnoll boudas
  5 hounds
  A jelly (D:6)
  2 orc priests
  3 iguanas
  Jessica (D:2)
  7 orc wizards
  Robin (D:2)
  10 adders
  15 gnolls
  A shadow imp (D:7)
  4 white imps
  A howler monkey simulacrum (D:10)
  A worm (D:2)
  5 dart slugs
  36 orcs
  5 ball pythons
  12 endoplasms
  2 giant cockroaches
  9 hobgoblins
  6 jackals
  11 kobolds
  5 quokkas
  A bat (D:2)
  3 frilled lizards (D:1)
  18 goblins
  6 rats
294 creatures vanquished.

Vanquished Creatures (collateral kills)
  A vampire (D:9)
  An orc priest (D:7)
2 creatures vanquished.

Vanquished Creatures (others)
  2 fungi (D:2)
  6 plants
8 creatures vanquished.

Grand Total: 304 creatures vanquished

Notes
Turn   | Place    | Note
-------+----------+-------------------------------------------
     0 | D:1      | drugrobin the Demigod Fighter began the quest for the Orb.
     0 | D:1      | Reached XP level 1. HP: 18/18 MP: 3/3
   302 | D:1      | Reached XP level 2. HP: 25/25 MP: 4/4
   712 | D:1      | Reached XP level 3. HP: 26/30 MP: 5/5
  1023 | D:2      | Noticed Jessica
  1225 | D:2      | Identified the +2 pair of boots of Winter {rF+ Slay+2}
  1454 | D:2      | Killed Jessica
  1455 | D:2      | Reached XP level 4. HP: 21/37 MP: 6/6
  1628 | D:2      | Noticed Robin
  1642 | D:2      | Killed Robin
  1837 | D:2      | Got Plato's Cyclopedia of the Map
  2259 | D:3      | Reached XP level 5. HP: 25/45 MP: 7/7
  3112 | D:4      | Found a transporter.
  3133 | D:4      | Reached XP level 6. HP: 48/53 MP: 8/8
  3162 | D:4      | Found a transporter.
  3651 | D:4      | Reached skill level 5 in Fighting
  3651 | D:4      | Reached skill level 5 in Axes
  3922 | D:5      | Entered Level 5 of the Dungeon
  3969 | D:5      | Noticed Pikel
  3990 | D:5      | Killed Pikel
  3991 | D:5      | Reached XP level 7. HP: 37/64 MP: 9/9
  4811 | D:5      | Reached skill level 1 in Dodging
  4811 | D:5      | Reached XP level 8. HP: 71/71 MP: 10/10
  5020 | D:5      | Found a staircase to the Ecumenical Temple.
  5388 | D:5      | Reached skill level 1 in Evocations
  6328 | D:6      | Identified the +1 robe of the Seven Spirits {Harm Str+2}
  6727 | D:7      | Noticed a hornet
  6735 | D:7      | Paralysed by a hornet for 1 turns
  6759 | D:6      | Killed a hornet
  6996 | D:7      | Found Hato's Antique Armour Shoppe.
  7010 | D:7      | Reached XP level 9. HP: 79/79 MP: 11/11
  7404 | D:7      | Bought a crude scale mail for 216 gold pieces
  7404 | D:7      | Identified the +6 scale mail "Ranunami" {rF- Regen+ Int+2
                  | Stlth+} (You bought it in a shop on level 7 of the Dungeon)
  7429 | D:7      | Found Qataciss's General Store.
  7437 | D:7      | Bought a scroll of identify for 22 gold pieces
  7437 | D:7      | Bought a scroll of fear for 44 gold pieces
  7437 | D:7      | Bought a scroll of enchant weapon for 82 gold pieces
  7437 | D:7      | Bought a scroll of identify for 22 gold pieces
  7683 | D:7      | Found Eriewozi's Assorted Antiques.
  7691 | D:7      | Bought 2 grey potions for 36 gold pieces
  7751 | D:7      | Found Qeolis's Weapon Emporium.
  7849 | D:7      | Found Unnaetoc's Antique Weapon Emporium.
  7930 | D:8      | Identified a scroll of acquirement
  7931 | D:8      | Acquired the +1 broad axe "Kiudghic" {vorpal, SInv}
  8000 | D:8      | Reached skill level 5 in Evocations
  8015 | D:8      | Reached XP level 10. HP: 81/90 MP: 13/13
  8260 | D:8      | Identified the ring of the Duchess {rF+ Will+ Str+2 Int+4
                  | Dex+3}
  8318 | D:8      | Found a staircase to the Lair.
  8381 | D:8      | You fall into a shaft and drop 1 floor!
  8416 | D:9      | Noticed Maggie
  8437 | D:9      | Killed Maggie
  9358 | D:7      | Bought a glowing broad axe for 196 gold pieces
  9700 | D:10     | Entered Level 10 of the Dungeon
  9700 | D:10     | Noticed a two-headed ogre
  9890 | D:10     | Killed a two-headed ogre
 10244 | D:10     | Noticed a green ugly thing
 10420 | D:10     | Reached skill level 10 in Fighting
 10422 | D:10     | Reached skill level 10 in Axes
 10440 | D:10     | Reached XP level 11. HP: 99/99 MP: 14/14
 10628 | D:10     | Noticed a tengu warrior
 10643 | D:10     | Killed a tengu warrior
 10959 | D:11     | Noticed Erolcha
 10967 | D:11     | Killed Erolcha
 11344 | D:12     | Noticed a fire crab
 11355 | D:12     | Killed a fire crab
 11412 | D:12     | Noticed an eight-headed hydra
 11447 | D:12     | Noticed an orc knight
 11502 | D:12     | Found a gate leading to a gauntlet.
 11508 | D:12     | Noticed Rupert
 11509 | D:12     | Noticed a four-headed hydra
 11511 | Gauntlet | Entered a Gauntlet
 11511 | Gauntlet | Noticed a death drake
 11511 | Gauntlet | Found a transporter.
 11517 | Gauntlet | a death drake changed into a swamp worm
 11518 | Gauntlet | Noticed an anaconda
 11518 | Gauntlet | a swamp worm changed into an anaconda
 11519 | Gauntlet | an anaconda changed into a slime creature
 11520 | Gauntlet | Noticed an ettin
 11520 | Gauntlet | a slime creature changed into an ettin
 11527 | Gauntlet | Noticed a fire dragon
 11527 | Gauntlet | an ettin changed into a fire dragon
 11528 | Gauntlet | Noticed a jorogumo
 11528 | Gauntlet | a fire dragon changed into a jorogumo
 11532 | Gauntlet | a jorogumo changed into a tyrant leech
 11534 | Gauntlet | Found a transporter.
 11534 | Gauntlet | Noticed an entropy weaver
 11534 | Gauntlet | a tyrant leech changed into an entropy weaver
 11536 | Gauntlet | Found a transporter.
 11539 | Gauntlet | Found a transporter.
 11540 | Gauntlet | Found a transporter.
 11541 | Gauntlet | Noticed a fire dragon
 11541 | Gauntlet | an entropy weaver changed into a fire dragon
 11543 | Gauntlet | Noticed a death scarab
 11544 | Gauntlet | Noticed a sixfirhy
 11544 | Gauntlet | Noticed a sixfirhy
 11548 | Gauntlet | Noticed a sixfirhy
 11549 | Gauntlet | Found a transporter.
 11555 | Gauntlet | Noticed a death scarab
 11557 | Gauntlet | Found a transporter.
 11600 | Gauntlet | Noticed a dire elephant
 11601 | Gauntlet | Noticed a fire giant
 11601 | Gauntlet | a dire elephant changed into a fire giant
 11605 | Gauntlet | Noticed a stone giant
 11605 | Gauntlet | a fire giant changed into a stone giant
 11606 | Gauntlet | Noticed a satyr
 11606 | Gauntlet | a stone giant changed into a satyr
 11607 | Gauntlet | Noticed a boulder beetle
 11607 | Gauntlet | a satyr changed into a boulder beetle
 11614 | Gauntlet | Noticed an entropy weaver
 11614 | Gauntlet | a boulder beetle changed into an entropy weaver
 11615 | Gauntlet | Noticed a satyr
 11615 | Gauntlet | an entropy weaver changed into a satyr
 11616 | Gauntlet | Noticed a hell hog
 11617 | Gauntlet | Found a transporter.
 11633 | Gauntlet | Found a transporter.
 11638 | Gauntlet | Found a transporter.
 11644 | Gauntlet | Found a transporter.
 11671 | Gauntlet | Found a transporter.
 11717 | Gauntlet | Noticed an anaconda
 11717 | Gauntlet | a swamp worm changed into an anaconda
 11815 | Gauntlet | Killed a hell hog
 11819 | Gauntlet | Identified the amulet "Cixkatuz" {Faith Int+2}
 11843 | Gauntlet | Noticed a glowing orange brain
 11861 | Gauntlet | Noticed a steelbarb worm
 11876 | Gauntlet | Slain by a wolf spider simulacrum

Illustrated notes

Levels and vault maps discovered:
D:1:      elethiomel_arrival_maze, layout_rooms
D:2:      layout_loops_ring, shapermc_ecumenical_altar_rom_forum,
          chequers_decorated_corner, uniq_robin, uniq_jessica
D:3:      layout_rooms
D:4:      gammafunk_steamed_eel, layout_loops_ring
D:5:      layout_rooms, temple_green, roderic_serpentine_path,
          serial_bayou_crossing, uniq_pikel
D:6:      layout_cave_pools, mainiacjoe_overflow_cross_hatched,
          amethyst_overflow_temple_binary
D:7:      layout_basic, serial_shops, kennysheep_little_box,
          nicolae_shop_statue_plus, shop, nicolae_stop_n_shop_2,
          nicolae_square_shop
D:8:      layout_loops_cross, mainiacjoe_overflow_six_doors_small,
          dpeg_oklobed_lair
D:9:      layout_roguey, kennysheep_cluttered_room, hangedman_decor_push,
          kennysheep_dice, uniq_maggie
D:10:     minmay_bloctagon_deflated, layout_loops_cross, lemuel_crystal_altar,
          mainiacjoe_overflow_large_starburst
D:11:     layout_small_grid, uniq_erolcha
D:12:     minmay_inside_and_out, layout_long_grid, orc_david_3,
          gauntlet_entry_generic, serial_demonic, serial_demonic_f,
          serial_demonic_d, serial_demonic_f, serial_demonic_f,
          serial_demonic_e, serial_demonic_c, serial_demonic_d,
          serial_demonic_b, trog_antimagical, uniq_rupert
Gauntlet: minmay_gauntlet_mixed_oops_all_seconds
          [minmay_gauntlet_arena_77_chump_sandwich,
          gammafunk_gauntlet_arena_spirals,
          minmay_gauntlet_arena_77_radiant_squares,
          nicolae_gauntlet_arena_quarters,
          minmay_gauntlet_arena_77_tiled_triplets,
          gammafunk_gauntlet_arena_open, nicolae_gauntlet_exit_dead_adventurers]

Skill      XL: |  1  2  3  4  5  6  7  8  9 10 11 |
---------------+----------------------------------+-----
Axes           | 2 3 4 6 7 8 10 11 | 11.4
Fighting       | 3 4 6 7 8 10 11 | 11.4
Dodging        | 1 3 |  3.9
Evocations     | 3 5 7 9 |  9.2
Armour         | |  2.6
Shields        | |  2.6

Action                   |  1- 3 |  4- 6 |  7- 9 | 10-12 || total
-------------------------+-------+-------+-------+-------++-------
Melee: War axe           |    85 |    47 |    42 |       ||   174
       Dagger            |       |   131 |   171 |    28 ||   330
       Hand axe          |       |       |   142 |       ||   142
       Broad axe         |       |       |    45 |   271 ||   316
Throw: Dart              |       |       |       |     9 ||     9
       Throwing net      |       |       |       |     1 ||     1
Evoke: Wand              |       |     7 |     7 |    10 ||    24
  Use: Scroll            |       |       |     3 |    18 ||    21
 Stab: Invisible         |       |       |       |     5 ||     5
       Held in net/web   |       |       |       |     1 ||     1
Armor: Scale mail        |    31 |    50 |    26 |   139 ||   246
       Chain mail        |       |     8 |    22 |       ||    30
       Leather armour    |       |       |    91 |       ||    91
Dodge: Dodged            |    27 |    67 |   180 |   153 ||   427
       Repelled          |       |     1 |     2 |     1 ||     4
Block: Buckler           |     9 |    39 |   174 |   143 ||   365
       Reflection        |       |       |     8 |     6 ||    14

Table legend: (Time is in decaauts)
 A = Elapsed time spent in this place.
 B = Non-inter-level travel time spent in this place.
 C = Inter-level travel time spent in this place.
 D = Time resting spent in this place.
 E = Time spent auto-exploring this place.
 F = Levels seen in this place.
 G = Mean time per level.
                   A        B        C        D        E       F      G
               +--------+--------+--------+--------+--------+-----+--------+
         Total |  12007 |  11494 |    513 |   2148 |   6061 |  13 |  923.6 |
       Dungeon |  11641 |  11128 |    513 |   2128 |   5934 |  12 |  970.1 |
      Gauntlet |    366 |    366 |      0 |     20 |    127 |   1 |  366.0 |
               +--------+--------+--------+--------+--------+-----+--------+

Top non-repeatable levels by time:
     D:5: 1647 daAuts
     D:6: 1447 daAuts
     D:4: 1194 daAuts
     D:1: 1161 daAuts
     D:2: 1073 daAuts
     D:9: 1005 daAuts
    D:10: 991 daAuts
     D:3: 783 daAuts
     D:8: 766 daAuts
     D:7: 760 daAuts
    D:11: 653 daAuts
Gauntlet: 366 daAuts
    D:12: 157 daAuts
